 Dungeon Crawl Stone Soup version 0.24.0-2-g5b39cebb1c (webtiles) character file.

Game seed: 6359433813586831492, levelgen mode: deterministic

82 Aviak the Chopper (level 4, 0/41 HPs)
             Began as a Hill Orc Monk on Oct 30, 2019.
             Succumbed to Robin's poison
             ... on level 2 of the Dungeon.
             The game lasted 00:02:01 (2178 turns).

Aviak the Chopper (Hill Orc Monk)                   Turns: 2178, Time: 00:02:02

Health: 0/41       AC:  3    Str: 14    XL:     4   Next: 43%
Magic:  4/4        EV: 12    Int: 10    God:
Gold:   48         SH:  4    Dex: 13    Spells: 3/3 levels left

rFire    . . .     SeeInvis .   a - +0 hand axe
rCold    . . .     Gourm    .   h - +0 buckler
rNeg     . . .     Faith    .   b - +0 robe
rPois    .         Spirit   .   (no helmet)
rElec    .         Reflect  .   (no cloak)
rCorr    .         Harm     .   n - +0 pair of gloves
MR       .....                  (no boots)
Stlth    ++........             (no amulet)
HPRegen  0.53/turn              (no ring)
MPRegen  0.09/turn              (no ring)

@: lethally poisoned (0 -> -10), hasted, very quick
A: regeneration 1, MP-powered wands
a: no special abilities


You were on level 2 of the Dungeon.
You were not hungry.

You visited 1 branch of the dungeon, and saw 2 of its levels.

You collected 48 gold pieces.

Inventory:

Hand Weapons
 a - a +0 hand axe (weapon)
Armour
 b - a +0 robe (worn)
 h - a +0 buckler (worn)
 n - a +0 pair of gloves (worn)
Jewellery
 m - an uncursed amulet of the gourmand {unknown}
Scrolls
 e - 2 scrolls of remove curse {unknown}
 g - 2 scrolls of identify {unknown}
 j - a scroll of teleportation {unknown}
 k - a scroll of fear {unknown}
 l - 2 scrolls of immolation {unknown}
Comestibles
 c - 2 rations


   Skills:
 + Level 4.5 Fighting
 + Level 5.1 Axes
 + Level 3.0 Dodging
 - Level 1.5 Stealth
 + Level 1.0 Shields


You had 3 spell levels left.
You didn't know any spells.
Your spell library was empty.

Dungeon Overview and Level Annotations

Branches:
Dungeon (2/15)

Altars:
Ru


Innate Abilities, Weirdness & Mutations

Your natural rate of healing is unusually fast.
You expend magic power (3 MP) to strengthen your wands.


Message History

Robin hits you with a +1 dagger of venom.
* * * LOW HITPOINT WARNING * * *
You feel yourself speed up.
You feel sick. Robin barely misses you.
You hit Robin.
Robin is almost dead.
You feel sick. Robin closely misses you.
You hit Robin but do no damage.
Robin is almost dead.
You feel sick. You block Robin's attack.
You hit Robin but do no damage.
Robin is almost dead.
You feel sick.
Robin says, "Bow before me, strongest of all the hobgoblins!"
Robin hits you with a +1 dagger of venom.
* * * LOW HITPOINT WARNING * * *
You are more poisoned.
You hit Robin.
You kill Robin!
Your Shields skill increases to level 1!
You die...

#.##..# ...##
#.....# #######
..... #.....#
#.###...# #......
#....!))# #......
#)# #...... #†#
#<....#
#)#############.###
#)@.....##......#
######.#.#.######
#.###..# ##.#.###
##.## ###


There were no monsters in sight!

Vanquished Creatures
  Robin (D:2)
  A gnoll (D:1)
  A worm (D:2)
  A leopard gecko (D:1)
  10 bats
  A giant cockroach (D:1)
  13 goblins
  12 hobgoblins
  3 jackals (D:1)
  A kobold (D:2)
  7 frilled lizards
  3 rats
54 creatures vanquished.

Notes
Turn   | Place    | Note
-------+----------+-------------------------------------------
     0 | D:1      | Aviak the Hill Orc Monk began the quest for the Orb.
     0 | D:1      | Reached XP level 1. HP: 19/19 MP: 1/1
   298 | D:1      | Reached XP level 2. HP: 27/27 MP: 2/2
   682 | D:1      | Reached XP level 3. HP: 28/33 MP: 3/3
  1548 | D:2      | Found a sacrificial altar of Ru.
  2144 | D:2      | Noticed Robin
  2146 | D:2      | Reached XP level 4. HP: 41/41 MP: 4/4
  2151 | D:2      | Reached skill level 5 in Axes
  2159 | D:2      | Gained mutation: You expend magic power (3 MP) to
                  | strengthen your wands. [potion of mutation]
  2159 | D:2      | Gained mutation: Your natural rate of healing is unusually
                  | fast. [potion of mutation]
  2177 | D:2      | HP: 2/41 [Robin/+1 dagger of venom (6)]
  2178 | D:2      | Killed Robin
  2178 | D:2      | Reached skill level 1 in Shields
  2178 | D:2      | Succumbed to Robin's poison

Levels and vault maps discovered:
D:1:      dpeg_arrival_refuge, layout_basic, kennysheep_minor_cross,
          chequers_decorated_corner
D:2:      layout_loops_cross, nicolae_ru_great_annihilating_truth, uniq_robin

Skill      XL: |  1  2  3  4 |
---------------+-------------+-----
Fighting       | 4 |  4.5
Axes           | 5 |  5.1
Dodging        | 3 |  3.0
Shields        | 1 |  1.0
Stealth        | |  1.5

Action                   |  1- 3 |  4- 6 || total
-------------------------+-------+-------++-------
Melee: Hand axe          |   137 |    26 ||   163
  Use: Potion            |     1 |     3 ||     4
 Stab: Sleeping          |     5 |       ||     5
       Paralysed         |     2 |       ||     2
  Eat: Chunk             |     4 |       ||     4
Armor: Robe              |    31 |     3 ||    34
Dodge: Dodged            |   103 |    29 ||   132
Block: Buckler           |     5 |     5 ||    10
